3R
BOMPTON BABY LAKERS @ WATFORD CITY TRASH PANDAS
08/10/2042
 
TOP OF THE 1ST
Bompton Baby Lakers batting - Pitching for Watford City Trash Pandas : RHP Ánibal Fernández
Pitching: RHP Ánibal Fernández
Batting: RHB Okakura Samurakami 0-0: Ball
1-0: Called Strike
1-1: Foul Ball, location: 2F
1-2: Foul Ball, location: 2F
1-2: Strikes out swinging
Batting: RHB Cory Clayton 0-0: Called Strike
0-1: Foul Ball, location: 2F
0-2: Strikes out looking
Batting: RHB Jason Wilson 0-0: Ball
1-0: Ground out 5-3 (Groundball, 56, EV 88.1 MPH)
Top of the 1st over - 0 runs, 0 hits, 0 errors, 0 left on base; Bompton 0 - Watford City 0
BOTTOM OF THE 1ST
Watford City Trash Pandas batting - Pitching for Bompton Baby Lakers : LHP Miquel Dijkstra
Pitching: LHP Miquel Dijkstra
Batting: RHB Pim Oskamp 0-0: Called Strike
0-1: Ball
1-1: Ball
2-1: Ground out 1-3 (Groundball, P, EV 85.6 MPH)
Batting: LHB Chad Proctor 0-0: Ball
1-0: Ball
2-0: DOUBLE (Flyball, 8LXD, EV 96.9 MPH)
Batting: RHB Zier Weeteling 0-0: Called Strike
Chad Proctor steals 3rd base
0-1: Foul Ball, location: 2F
0-2: Ball
1-2: Ball
2-2: Fly out, F8 (Flyball, 8LM, EV 91.9 MPH)
Runner from 3rd tags up, SCORES, throw by CF
Batting: LHB Marcos Vargas 0-0: Called Strike
0-1: Ball
1-1: Called Strike
1-2: Strikes out swinging
Bottom of the 1st over - 1 run, 1 hit, 0 errors, 0 left on base; Bompton 0 - Watford City 1
TOP OF THE 2ND
Bompton Baby Lakers batting - Pitching for Watford City Trash Pandas : RHP Ánibal Fernández
Batting: RHB Keaton Sturge 0-0: Ball
1-0: Swinging Strike
1-1: Swinging Strike
1-2: Strikes out swinging
Batting: RHB David Taylor 0-0: Ball
1-0: Ground out 4-3 (Groundball, 4M, EV 83.8 MPH)
Batting: RHB Tim Rowland 0-0: Ball
1-0: Called Strike
1-1: Fly out, F8 (Flyball, 8RS, EV 91.9 MPH)
Top of the 2nd over - 0 runs, 0 hits, 0 errors, 0 left on base; Bompton 0 - Watford City 1
BOTTOM OF THE 2ND
Watford City Trash Pandas batting - Pitching for Bompton Baby Lakers : LHP Miquel Dijkstra
Batting: LHB Pedro Rey 0-0: Ball
1-0: Ball
2-0: Ball
3-0: Called Strike
3-1: Base on Balls
Batting: SHB José López 0-0: Ball
1-0: SINGLE (Groundball, 6MD, EV 102.5 MPH)
Pedro Rey to second
Batting: RHB Miguel Ávila 0-0: Ball
1-0: Ball
2-0: SINGLE (Groundball, 6, EV 93.1 MPH) (infield hit)
Pedro Rey to third
José López to second
Batting: RHB Lee Carlson 0-0: Ball
1-0: Fly out, F8 (Flyball, 8RD, EV 83.8 MPH)
Runner from 3rd tags up, SCORES, throw by CF
José López to third
Batting: LHB Francisco Gallardo 0-0: Called Strike
0-1: Ball
1-1: Ball
2-1: Swinging Strike
2-2: Foul Ball, location: 2F
2-2: Ball
3-2: Strikes out looking
Batting: RHB Pim Oskamp 0-0: Ball
1-0: Called Strike
1-1: Called Strike
1-2: Foul Ball, location: 2F
1-2: Ball
2-2: Foul Ball, location: 2F
2-2: Foul Ball, location: 2F
2-2: Fly out, F9 (Flyball, 9S, EV 84.4 MPH)
Bottom of the 2nd over - 1 run, 2 hits, 0 errors, 2 left on base; Bompton 0 - Watford City 2
TOP OF THE 3RD
Bompton Baby Lakers batting - Pitching for Watford City Trash Pandas : RHP Ánibal Fernández
Batting: LHB Ron Stevenson 0-0: Called Strike
0-1: Ball
1-1: Foul Ball, location: 2F
1-2: Ball
2-2: Ball
3-2: Strikes out swinging
Batting: RHB Joe Hicks 0-0: Foul Ball, location: 2F
0-1: Ball
1-1: Foul Ball, location: 2F
1-2: Ball
2-2: Ball
3-2: Foul Ball, location: 2F
3-2: Foul Ball, location: 2F
3-2: Base on Balls
Batting: RHB Cal Moore 0-0: Called Strike
Joe Hicks steals 2nd base
0-1: Foul Ball, location: 2F
0-2: Strikes out swinging
Batting: RHB Okakura Samurakami 0-0: Ball
1-0: Swinging Strike
1-1: Called Strike
1-2: Strikes out swinging
Top of the 3rd over - 0 runs, 0 hits, 0 errors, 1 left on base; Bompton 0 - Watford City 2
BOTTOM OF THE 3RD
Watford City Trash Pandas batting - Pitching for Bompton Baby Lakers : LHP Miquel Dijkstra
Batting: LHB Chad Proctor 0-0: Foul Ball, location: 2F
0-1: Ball
1-1: Foul Ball, location: 2F
1-2: SINGLE (Groundball, 34D, EV 105.0 MPH)
Batting: RHB Zier Weeteling 0-0: Foul Ball, location: 2F
0-1: Ball
1-1: Foul Ball, location: 2F
1-2: Foul Ball, location: 2F
1-2: Fly out, F8 (Line Drive, 8LM, EV 106.2 MPH)
Batting: LHB Marcos Vargas 0-0: Ball
1-0: Ball
2-0: Fly out, F9 (Line Drive, 9, EV 104.4 MPH)
Batting: LHB Pedro Rey 0-0: Called Strike
0-1: Ball
1-1: Called Strike
1-2: Foul Ball, location: 2F
1-2: Ball
2-2: Foul Ball, location: 2F
2-2: Ball
3-2: SINGLE (Line Drive, 78S, EV 108.8 MPH)
Chad Proctor to second
Chad Proctor to third
Batting: SHB José López 0-0: Foul Ball, location: 2F
0-1: Ball
1-1: Called Strike
1-2: Fly out, F2 (Popup, 2RF, EV 87.5 MPH)
Bottom of the 3rd over - 0 runs, 2 hits, 0 errors, 2 left on base; Bompton 0 - Watford City 2
TOP OF THE 4TH
Bompton Baby Lakers batting - Pitching for Watford City Trash Pandas : RHP Ánibal Fernández
Batting: RHB Cory Clayton 0-0: Ball
1-0: Called Strike
1-1: Swinging Strike
1-2: Strikes out swinging
Batting: RHB Jason Wilson 0-0: Ball
1-0: Foul Ball, location: 2F
1-1: Foul Ball, location: 2F
1-2: Fly out, F8 (Flyball, 8LXD, EV 93.8 MPH)
Batting: RHB Keaton Sturge 0-0: Ball
1-0: Called Strike
1-1: Ball
2-1: Called Strike
2-2: Foul Ball, location: 2F
2-2: Ground out 6-3 (Groundball, 6, EV 103.8 MPH)
Top of the 4th over - 0 runs, 0 hits, 0 errors, 0 left on base; Bompton 0 - Watford City 2
BOTTOM OF THE 4TH
Watford City Trash Pandas batting - Pitching for Bompton Baby Lakers : LHP Miquel Dijkstra
Batting: RHB Miguel Ávila 0-0: Swinging Strike
0-1: Fly out, F7 (Line Drive, 7D, EV 101.2 MPH)
Batting: RHB Lee Carlson 0-0: Called Strike
0-1: Ball
1-1: Ball
2-1: Foul Ball, location: 2F
2-2: SINGLE (Line Drive, 5D, EV 102.5 MPH)
Batting: LHB Francisco Gallardo 0-0: Swinging Strike
0-1: Called Strike
0-2: Strikes out swinging
Batting: RHB Pim Oskamp 0-0: Called Strike
0-1: Ball
1-1: Ball
2-1: Fielders Choice at 2nd, 6-4 (Groundball, 6, EV 103.8 MPH)
Bottom of the 4th over - 0 runs, 1 hit, 0 errors, 1 left on base; Bompton 0 - Watford City 2
TOP OF THE 5TH
Bompton Baby Lakers batting - Pitching for Watford City Trash Pandas : RHP Ánibal Fernández
Batting: RHB David Taylor 0-0: Swinging Strike
0-1: Ball
1-1: Ground out 6-3 (Groundball, 6S, EV 67.5 MPH)
Batting: RHB Tim Rowland 0-0: Ball
1-0: Foul Ball, location: 2F
1-1: Ground out 6-3 (Groundball, 6S, EV 71.2 MPH)
Batting: LHB Ron Stevenson 0-0: Foul Ball, location: 2F
0-1: Fly out, F7 (Flyball, 78D, EV 103.1 MPH)
Top of the 5th over - 0 runs, 0 hits, 0 errors, 0 left on base; Bompton 0 - Watford City 2
BOTTOM OF THE 5TH
Watford City Trash Pandas batting - Pitching for Bompton Baby Lakers : LHP Miquel Dijkstra
Batting: LHB Chad Proctor 0-0: Called Strike
0-1: Ball
1-1: Foul Ball, location: 2F
1-2: SINGLE (Flyball, 78M, EV 83.1 MPH)
Batting: RHB Zier Weeteling 0-0: Foul Ball, location: 2F
0-1: Ball
1-1: Foul Ball, location: 2F
1-2: Foul Ball, location: 2F
1-2: Ball
2-2: Ball
3-2: Strikes out swinging
Batting: LHB Marcos Vargas 0-0: Called Strike
0-1: Called Strike
0-2: Hit by Pitch
Chad Proctor to second
Batting: LHB Pedro Rey 0-0: Fielders Choice at 2nd, 3-6 (Groundball, 3, EV 85.0 MPH)
Chad Proctor to third
Batting: SHB José López 0-0: Fly out, F7 (Line Drive, 7, EV 93.1 MPH)
Bottom of the 5th over - 0 runs, 1 hit, 0 errors, 2 left on base; Bompton 0 - Watford City 2
TOP OF THE 6TH
Bompton Baby Lakers batting - Pitching for Watford City Trash Pandas : RHP Ánibal Fernández
Batting: RHB Joe Hicks 0-0: Ball
1-0: Ball
2-0: Ground out 5-3 (Groundball, 56S, EV 93.1 MPH)
Batting: RHB Cal Moore 0-0: Called Strike
0-1: Foul Ball, location: 2F
0-2: Ball
1-2: Ball
2-2: Ground out 5-3 (Groundball, 5L, EV 100.0 MPH)
Batting: RHB Okakura Samurakami 0-0: Ball
1-0: Foul Ball, location: 2F
1-1: Ball
2-1: Foul Ball, location: 2F
2-2: Strikes out swinging
Top of the 6th over - 0 runs, 0 hits, 0 errors, 0 left on base; Bompton 0 - Watford City 2
BOTTOM OF THE 6TH
Watford City Trash Pandas batting - Pitching for Bompton Baby Lakers : LHP Miquel Dijkstra
Batting: RHB Miguel Ávila 0-0: Ball
1-0: Called Strike
1-1: Ball
2-1: Ball
3-1: Base on Balls
Batting: RHB Lee Carlson 0-0: Ball
1-0: DOUBLE (Flyball, 9LM, EV 100.0 MPH)
Miguel Ávila to third
Batting: LHB Francisco Gallardo 0-0: Called Strike
0-1: Ball
1-1: SINGLE (Groundball, 56D, EV 105.0 MPH)
Miguel Ávila scores
Lee Carlson to third
Batting: RHB Pim Oskamp 0-0: Foul Ball, location: 2F
0-1: Fly out, F8 (Flyball, 8LD, EV 93.1 MPH)
Runner from 3rd tags up, SCORES, throw by CF
Batting: LHB Chad Proctor 0-0: Ball
1-0: Ball
2-0: Ball
3-0: Called Strike
3-1: Called Strike
3-2: Foul Ball, location: 2F
3-2: Fly out, F8 (Flyball, 8RS, EV 85.0 MPH)
Batting: RHB Zier Weeteling 0-0: Called Strike
0-1: Swinging Strike
0-2: SINGLE (Flyball, 7LS, EV 93.1 MPH)
Francisco Gallardo to second
Batting: LHB Marcos Vargas 0-0: Ball
1-0: Swinging Strike
1-1: Called Strike
1-2: Hit by Pitch
Francisco Gallardo to third
Zier Weeteling to second
Batting: LHB Pedro Rey 0-0: Fly out, F5 (Popup, 5SF, EV 70.0 MPH)
Bottom of the 6th over - 2 runs, 3 hits, 0 errors, 3 left on base; Bompton 0 - Watford City 4
TOP OF THE 7TH
Bompton Baby Lakers batting - Pitching for Watford City Trash Pandas : RHP Ánibal Fernández
Batting: RHB Cory Clayton 0-0: Ball
1-0: Ball
2-0: Called Strike
2-1: SINGLE (Groundball, 15S, EV 67.5 MPH) (infield hit)
Pitching: RHP Gilberto Elías
Batting: RHB Jason Wilson 0-0: Foul Ball, location: 2F
0-1: Ground out 5-3 (Groundball, 56S, EV 72.5 MPH)
Cory Clayton to second
Batting: RHB Keaton Sturge 0-0: Ball
1-0: Ball
2-0: Called Strike
2-1: Ball
3-1: Foul Ball, location: 2F
3-2: Base on Balls
Batting: RHB David Taylor 0-0: Called Strike
0-1: Ball
1-1: Swinging Strike
1-2: Strikes out swinging
Batting: RHB Tim Rowland 0-0: Called Strike
0-1: Fly out, F8 (Flyball, 8LS, EV 96.2 MPH)
Top of the 7th over - 0 runs, 1 hit, 0 errors, 2 left on base; Bompton 0 - Watford City 4
BOTTOM OF THE 7TH
Watford City Trash Pandas batting - Pitching for Bompton Baby Lakers : LHP Miquel Dijkstra
Batting: SHB José López 0-0: Ball
1-0: Ball
2-0: Swinging Strike
2-1: Swinging Strike
2-2: Strikes out swinging
Batting: RHB Miguel Ávila 0-0: Ball
1-0: Ball
2-0: Ball
3-0: Called Strike
3-1: Foul Ball, location: 2F
3-2: DOUBLE (Line Drive, 9LD, EV 101.9 MPH)
Batting: RHB Lee Carlson 0-0: Foul Ball, location: 2F
0-1: Called Strike
0-2: Fly out, F7 (Flyball, 78D, EV 104.4 MPH)
Runner from 2nd tags up, SAFE at 3rd with throw by LF
Batting: LHB Francisco Gallardo 0-0: Called Strike
0-1: Ball
1-1: SINGLE (Line Drive, 8RS, EV 103.8 MPH)
Miguel Ávila scores
Batting: RHB Pim Oskamp 0-0: Ball
1-0: DOUBLE (Flyball, 89D, EV 96.2 MPH)
Francisco Gallardo to third
Runner from 3rd tries for Home, SAFE, no throw by CF
Batting: LHB Chad Proctor 0-0: Ball
Wild Pitch!
Pim Oskamp to third
1-0: Ball
2-0: Ball
3-0: Called Strike
3-1: Ground out 4-3 (Groundball, 4, EV 88.8 MPH)
Bottom of the 7th over - 2 runs, 3 hits, 0 errors, 1 left on base; Bompton 0 - Watford City 6
TOP OF THE 8TH
Bompton Baby Lakers batting - Pitching for Watford City Trash Pandas : RHP Gilberto Elías
Batting: LHB Ron Stevenson 0-0: Fly out, F4 (Popup, 34D, EV 48.8 MPH)
Batting: RHB Joe Hicks 0-0: Ball
1-0: Ball
2-0: Reached on error, E6 (Groundball, 6, EV 91.9 MPH)
Batting: RHB Cal Moore 0-0: Ground out 4-3 (Groundball, 34, EV 100.6 MPH)
Joe Hicks to third
Batting: RHB Okakura Samurakami 0-0: Foul Ball, location: 2F
0-1: Swinging Strike
0-2: Ball
1-2: Ball
2-2: Foul Ball, location: 2F
2-2: Strikes out looking
Top of the 8th over - 0 runs, 0 hits, 1 error, 1 left on base; Bompton 0 - Watford City 6
BOTTOM OF THE 8TH
Watford City Trash Pandas batting - Pitching for Bompton Baby Lakers : LHP Miquel Dijkstra
Pitching: LHP Guo-ning Wang
Batting: RHB Zier Weeteling 0-0: Called Strike
0-1: Ball
1-1: Ball
2-1: Swinging Strike
2-2: Ground out 6-3 (Groundball, 6, EV 86.2 MPH)
Batting: LHB Marcos Vargas 0-0: Ball
1-0: Called Strike
1-1: Ball
2-1: Swinging Strike
2-2: Foul Ball, location: 2F
2-2: Strikes out swinging
Batting: LHB Pedro Rey 0-0: Ball
1-0: Foul Ball, location: 2F
1-1: Ball
2-1: Ball
3-1: Foul Ball, location: 2F
3-2: Foul Ball, location: 2F
3-2: SINGLE (Groundball, 34D, EV 103.8 MPH)
Batting: SHB José López 0-0: Ground out 4-3 (Groundball, 34, EV 78.1 MPH)
Bottom of the 8th over - 0 runs, 1 hit, 0 errors, 1 left on base; Bompton 0 - Watford City 6
TOP OF THE 9TH
Bompton Baby Lakers batting - Pitching for Watford City Trash Pandas : RHP Gilberto Elías
Batting: RHB Cory Clayton 0-0: Ball
1-0: Called Strike
1-1: Called Strike
1-2: Ground out 4-3 (Groundball, 4, EV 83.8 MPH)
Batting: RHB Jason Wilson 0-0: Called Strike
0-1: Ball
1-1: Ball
2-1: Fly out, F3 (Popup, 3F, EV 66.9 MPH)
Batting: RHB Keaton Sturge 0-0: Called Strike
0-1: Ball
1-1: Called Strike
1-2: Foul Ball, location: 2F
1-2: Foul Ball, location: 2F
1-2: Ball
2-2: Ground out 5-3 (Groundball, 5, EV 97.5 MPH)
Top of the 9th over - 0 runs, 0 hits, 0 errors, 0 left on base; Bompton 0 - Watford City 6
Friday, March 26th, 2021 - OOTP Baseball 20.8 Build 74